 Dungeon Crawl Stone Soup version 0.26-a0-1040-gbe3abf3417 (webtiles) character file.

Game seed: 15403410832046133371

120 Dracia the Chiller (level 5, -4/35 HPs)
             Began as a Merfolk Ice Elementalist on Dec 11, 2020.
             Slain by a river rat (6 damage)
             ... on level 3 of the Dungeon.
             The game lasted 00:04:43 (2749 turns).

Dracia the Chiller (Merfolk Ice Elementalist)       Turns: 2749, Time: 00:04:44

Health: -4/35      AC:  6    Str: 16    XL:     5   Next: 4%
Magic:  4/8        EV: 14    Int: 14    God:
Gold:   130        SH:  0    Dex: 14    Spells: 4/8 levels left

rFire    . . .     SeeInvis .   e - +1 dagger
rCold    . . .     Faith    .   (no shield)
rNeg     . . .     Spirit   .   d - +0 ring mail
rPois    .         Reflect  .   (no helmet)
rElec    .         Harm     .   f - +0 cloak
rCorr    .         Rampage  .   (no gloves)
Will     .....                  (boots currently unavailable)
Stlth    +++.......             (no amulet)
HPRegen  0.11/turn              Q - ring of stealth
MPRegen  0.11/turn              S - +6 ring of strength

@: very quick
A: change form in water, swift swim, stealthy swim
a: no special abilities


You were on level 3 of the Dungeon.
You visited 1 branch of the dungeon, and saw 3 of its levels.

You collected 130 gold pieces.


   Skills:
 - Level 2.6 Dodging
 - Level 2.1 Stealth
 - Level 2.0 Spellcasting
 + Level 6.8 Ice Magic


You had 4 spell levels left.
You knew the following spells:

 Your Spells              Type           Power        Failure   Level
r - Frozen Ramparts       Ice            ###...       9%          3
z - Freeze                Ice            ###.         2%          1

Your spell library contained the following spells:

 Spells                   Type           Power        Failure   Level
 Ozocubu's Armour         Ice            ###.....     9%          3
 Hailstorm                Conj/Ice       ##......     75%         4
 Summon Ice Beast         Ice/Summ       ##......     75%         4

Inventory:

Hand Weapons
 e - a +1 dagger (weapon)
Missiles
 b - 24 poisoned darts
Armour
 a - a +0 robe
 d - a +0 ring mail (worn)
 f - a +0 cloak (worn)
 j - a +0 leather armour
Jewellery
 c - an uncursed amulet of reflection {unknown}
 k - an uncursed amulet of inaccuracy
 Q - a ring of stealth (left hand)
 S - a +6 ring of strength (right hand)
Wands
 l - a wand of digging (7)
Scrolls
 g - 5 scrolls of identify {@r1@r1}
 h - a scroll of teleportation {@r4@r4}
 m - 2 scrolls of fear
Potions
 i - a potion of cancellation

Dungeon Overview and Level Annotations

Branches:
Dungeon (3/15)

Altars:

Portals:
Sewer: D:3

#.#.#..## #############
#...#....
#...........######.#.###
#...............##....#
#...............##....##
#...≈≈≈........###.....
#..≈≈≈≈≈.......# #.....
#..≈≈∩≈≈.......# #####.
#..≈≈≈@r.......# #.
#...≈≈≈g.$##..##### ##
#.........#.......# #
#.........#.......####
###########..........##
#######........
##.....#..##.##.
##...............
#...(............


You could see a river rat and a hobgoblin.


Message History

The ball python bites you but does no damage.
The ball python closely misses you.
Your legs become a tail as you enter the water.
Casting: Freeze (safe; 2% risk of failure)
Confirm with . or Enter, or press ? or * to list all spells.
Aiming: Freeze (safe; 2% risk of failure)
Press: ? - help, Shift-Dir - straight line, f - ball python, p - hobgoblin
Aim: a ball python You freeze the ball python!
You kill the ball python!
Your magical contamination has completely faded away.
Casting: Freeze (safe; 2% risk of failure)
Confirm with . or Enter, or press ? or * to list all spells.
Aiming: Freeze (safe; 2% risk of failure)
Press: ? - help, Shift-Dir - straight line, f - river rat
Aim: a river rat You freeze the river rat.
The river rat is moderately wounded.
The river rat bites you.
* * * LOW HITPOINT WARNING * * *
Casting: Freeze (safe; 2% risk of failure)
Confirm with . or Enter, or press ? or * to list all spells.
Aiming: Freeze (safe; 2% risk of failure)
Press: ? - help, Shift-Dir - straight line, f/p - river rat
Aim: a river rat (moderately wounded)
You freeze the river rat.
The river rat is moderately wounded.
The hobgoblin hits you but does no damage.
The river rat bites you.
You die...

Skill      XL: |  1  2  3 |
---------------+----------+-----
Ice Magic      | 5 6 |  6.8
Dodging        | |  2.6
Stealth        | |  2.1
Spellcasting   | |  2.0

Action                   |  1- 3 |  4- 6 || total
-------------------------+-------+-------++-------
Melee: Dagger            |    40 |    32 ||    72
       Unarmed           |     3 |       ||     3
       Tailslap          |     1 |       ||     1
 Cast: Freeze            |    61 |    29 ||    90
  Use: Scroll            |     6 |     2 ||     8
 Stab: Sleeping          |     1 |       ||     1
Armor: Robe              |     5 |       ||     5
       Leather armour    |     7 |       ||     7
       Ring mail         |     2 |    24 ||    26
Dodge: Dodged            |    49 |    32 ||    81

Levels and vault maps discovered:
D:1:      matt_arrival_grand_opening, layout_loops_ring, serial_bayou_lake_a
D:2:      layout_basic
D:3:      layout_rooms, grunt_gozag_breadcrumbs, nicolae_overflow_hidden_temple,
          portal_sewer_entry_a

Notes
Turn   | Place    | Note
-------+----------+-------------------------------------------
     0 | D:1      | Dracia the Merfolk Ice Elementalist began the quest for the
                  | Orb.
     0 | D:1      | Reached XP level 1. HP: 13/13 MP: 3/3
   397 | D:1      | Reached XP level 2. HP: 15/19 MP: 1/5
   519 | D:1      | Reached skill level 5 in Ice Magic
  1083 | D:2      | Reached XP level 3. HP: 23/24 MP: 4/6
  1244 | D:2      | Learned a level 3 spell: Frozen Ramparts
  1661 | D:2      | Reached skill level 6 in Ice Magic
  2010 | D:2      | Reached XP level 4. HP: 30/30 MP: 2/7
  2372 | D:3      | HP: 2/30 [goblin/cursed +0 club (4)]
  2701 | D:3      | Reached XP level 5. HP: 16/35 MP: 8/8
  2738 | D:3      | Found a glowing drain.
  2742 | D:3      | HP: 2/35 [ball python (2)]
  2748 | D:3      | HP: 2/35 [river rat (1)]
  2749 | D:3      | Slain by a river rat

Vanquished Creatures
  4 adders
  4 worms
  2 dart slugs
  A leopard gecko (D:3)
  2 orcs (D:3)
  4 giant cockroaches
  7 goblins
  15 hobgoblins
  6 kobolds
  2 ball pythons
  4 bats
  7 frilled lizards
  6 rats
64 creatures vanquished.

Table legend: (Time is in decaauts)
 A = Elapsed time spent in this place.
 B = Non-inter-level travel time spent in this place.
 C = Inter-level travel time spent in this place.
 D = Time resting spent in this place.
 E = Time spent auto-exploring this place.
 F = Levels seen in this place.
 G = Mean time per level.
                   A        B        C        D        E       F      G
               +--------+--------+--------+--------+--------+-----+--------+
         Total |   2722 |   2701 |     21 |    531 |   1563 |   3 |  907.3 |
       Dungeon |   2722 |   2701 |     21 |    531 |   1563 |   3 |  907.3 |
               +--------+--------+--------+--------+--------+-----+--------+

Top non-repeatable levels by time:
     D:2: 1307 daAuts
     D:1: 941 daAuts
     D:3: 472 daAuts

Table legend:
 A = Non-vault XP
 B = Vault XP
 C = Vault XP percentage of total XP
 D = Non-vault monster count
 E = Vault monster count
 F = Vault count percentage of total count
                 A         B        C        D         E       F
            +---------+---------+-------+---------+---------+-------
      Total |     163 |       9 |   5.2 |      61 |       3 |   4.7
            +---------+---------+-------+---------+---------+-------
        D:1 |      25 |       0 |   0.0 |      16 |       0 |   0.0
        D:2 |      71 |       0 |   0.0 |      27 |       0 |   0.0
        D:3 |      67 |       9 |  11.8 |      18 |       3 |  14.3
            +---------+---------+-------+---------+---------+-------
